 Dungeon Crawl Stone Soup version 0.30-a0-279-g4b46babb21 (webtiles) character file.

Game seed: 10644951929208351638

261 Morbidden the Conjurer (level 5, -19/34 (42) HPs)
             Began as a Minotaur Conjurer on Oct 16, 2022.
             Killed by an exploding hell rat (23 damage)
             ... ignited by their inner flame
             ... in a sewer.
             The game lasted 00:07:33 (3014 turns).

Morbidden the Conjurer (Minotaur Conjurer)          Turns: 3014, Time: 00:07:34

HP:   -19/34 (42)   AC: 10    Str: 18    XL:     5   Next: 96%
MP:   0/7           EV:  7    Int: 17    God:
Gold: 210           SH:  0    Dex:  8    Spells: 5/8 levels left

rFire   + . .      SeeInvis .    b - +8 storm bow {elec, penet}
rCold   + . .      Faith    .    (shield currently unavailable)
rNeg    . . .      Spirit   +    s - +0 chain mail
rPois   +          Reflect  .    (helmet restricted)
rElec   +          Harm     .    (no cloak)
rCorr   +          Rampage  .    q - +0 pair of gloves
Will    .....                    (no boots)
Stlth   ..........               h - amulet of guardian spirit
HPRegen 0.25/turn                i - +6 ring of strength
MPRegen 0.10/turn                (no ring)

@: resistant, heavily drained
A: horns 2, retaliatory headbutt
a: no special abilities


You were in a sewer.
You visited 1 branch of the dungeon, and saw 4 of its levels.
You also visited: Sewer.

You collected 210 gold pieces.

Inventory:

Hand Weapons
 a - a +0 hand axe
 b - the +8 storm bow (weapon) {elec, penet}
   (You acquired it on level 4 of the Dungeon)

   Any ammunition fired from it occasionally discharges a powerful burst of
   electricity upon striking a foe.
   Any ammunition fired by it passes through the targets it hits, potentially
   hitting all targets in its path until it reaches maximum range.
 g - a +0 vorpal flail
Armour
 m - a +0 leather armour
 q - a +0 pair of gloves (worn)
 s - a +0 chain mail (worn)
Jewellery
 h - an amulet of guardian spirit (around neck)
 i - a +6 ring of strength (left hand)
Scrolls
 c - a scroll of teleportation
 d - 5 scrolls of identify
 f - a scroll of enchant weapon
Potions
 j - a potion of berserk rage {unknown}
 k - a potion of might {unknown}
 n - a potion of mutation {unknown}
 p - a potion of lignification {unknown}
 r - a potion of magic


   Skills:
 * Level 2.3 Fighting
 * Level 1.9(2.0) Axes
 + Level 0.5(1.3) Maces & Flails
 * Level 0.6 Ranged Weapons
 * Level 2.6 Armour
 * Level 3.0 Dodging
 + Level 1.7 Stealth
 * Level 2.3 Spellcasting
 * Level 3.5 Conjurations


You had 5 spell levels left.
You knew the following spells:

 Your Spells              Type           Power      Damage    Failure   Level
a - Magic Dart            Conj           56%        1d5       52%         1
b - Searing Ray           Conj           28%        2d5       65%         2

Your spell library contained the following spells:

 Spells                   Type           Power      Damage    Failure   Level
 Beastly Appendage        Tmut           4%         N/A       94%         1
 Wereblood                Tmut           2%         N/A       98%         2
 Dazzling Flash           Conj/Hex       16%        N/A       98%         3
 Gell's Gravitas          Tloc           2%         N/A       100%        3
 Spider Form              Tmut/Pois      2%         N/A       100%        3
 Teleport Other           Tloc           2%         N/A       100%        3
 Fulminant Prism          Conj/Hex       4%         3d6       100%        4
 Iskenderun's Mystic Bla  Conj/Tloc      8%         2d4       100%        4
 Dispersal                Tloc           1%         N/A       100%        6


Dungeon Overview and Level Annotations

Branches:
Dungeon (4/15)              Sewer (1/1)
 Temple: D:4-7

Altars:
Elyvilon
Xom

Annotations:
D:2 1 runed translucent door, Crazy Yiuf
D:3 Grinder


Innate Abilities, Weirdness & Mutations

You have a pair of horns on your head.
You reflexively headbutt those who attack you in melee.


Message History

As you read the scroll labelled LEDADGH YH YNG, it crumbles to dust.
The creatures around you are filled with an inner flame!
It was a scroll of immolation.
The hell rat bites you.
* * * LOW HITPOINT WARNING * * *
You feel drained.
Unknown command.
As you read the scroll of teleportation, it crumbles to dust.
You feel strangely unstable. The hell rat barely misses you.
Unknown command.
Unknown command.
It was a potion of curing.
You feel better. The hell rat bites you.
You feel drained.
Unknown command.
Unknown command.
A hell rat is nearby!
You enter the shallow water.
Moving in this stuff is going to be slow.
Your surroundings seem slightly different.
Found a green potion, 23 gold pieces and a scroll of teleportation.
The hell rat bites you!
* * * LOW HITPOINT WARNING * * *
You feel drained.
* * * LOW HITPOINT WARNING * * *
The hell rat closely misses you. You furiously retaliate!
You headbutt the hell rat.
Flame seeps out of the hell rat.
Unknown command.
Unknown command.
You feel better.
The hell rat is engulfed in blazing flames.
Flame seeps out of the hell rat.
The hell rat bites you!
* * * LOW HITPOINT WARNING * * *
Unknown command.
Unknown command.
It was a potion of resistance.
You feel protected.
The hell rat is engulfed in blazing flames.
The hell rat explodes!
The fiery explosion engulfs you!! You resist.
Ouch! That really hurt!
You die...

#########
###~..~~.~###
#~~~~§@§~~~~###
.~~~.##°##.†.~~#
.~~ #§§§###...##
~ ~~~~~~ ##...# .
.~~~~~~. #...#
~.##~!!!!$~##.~~#
..~###!∩?###†.~##
~.~~~#####.~~..#
#...~~∩~.~..###


There were no monsters in sight!

Vanquished Creatures
  A hound (D:4)
  Terence (D:2)
  2 iguanas
  A hell rat (Sewer)
  Robin (D:1)
  A river rat (Sewer)
  An adder (D:4)
  3 gnolls (D:4)
  An ufetubus (D:4)
  A worm (D:2)
  A dart slug (D:1)
  An orc (D:4)
  4 bats
  9 endoplasms
  5 giant cockroaches
  12 goblins
  8 hobgoblins
  A jackal (D:1)
  6 kobolds
  7 quokkas
  5 ball pythons
  2 frilled lizards
  8 rats
82 creatures vanquished.

Vanquished Creatures (others)
  3 plants (D:1)
3 creatures vanquished.

Grand Total: 85 creatures vanquished

Notes
Turn   | Place    | Note
-------+----------+-------------------------------------------
     0 | D:1      | Morbidden the Minotaur Conjurer began the quest for the
                  | Orb.
     0 | D:1      | Reached XP level 1. HP: 14/14 MP: 1/1
   160 | D:1      | Reached skill level 1 in Fighting
   235 | D:1      | Reached XP level 2. HP: 23/23 MP: 0/3
   307 | D:1      | Learned a level 2 spell: Searing Ray
   863 | D:1      | Reached XP level 3. HP: 23/28 MP: 1/4
  1278 | D:2      | Noticed Robin
  1460 | D:2      | Found a shimmering altar of Xom.
  1514 | D:2      | Noticed Terence
  1614 | D:1      | Killed Robin
  1655 | D:2      | Reached skill level 1 in Axes
  1705 | D:2      | Found a runed translucent door.
  1706 | D:2      | Noticed Crazy Yiuf
  1744 | D:2      | Reached XP level 4. HP: 29/36 MP: 3/5
  2016 | D:2      | Killed Terence
  2361 | D:2      | Found a faded altar of an unknown god.
  2501 | D:3      | Reached skill level 1 in Armour
  2668 | D:3      | Noticed Grinder
  2693 | D:4      | Found a white marble altar of Elyvilon.
  2792 | D:4      | Reached XP level 5. HP: 31/41 MP: 5/7
  2804 | D:4      | Noticed a phantom
  2849 | D:4      | Identified a scroll of acquirement
  2849 | D:4      | Acquired the +8 storm bow {elec, penet}
  2849 | D:4      | Found the +8 storm bow {elec, penet}
  2947 | D:4      | Found a glowing drain.
  2962 | Sewer    | Entered a sewer
  3014 | Sewer    | Killed by an exploding hell rat... ignited by their inner
                  | flame

Illustrated notes

Levels and vault maps discovered:
D:1:      dreamdust_arrival_sigmund_warning, layout_loops_ring, serial_forest,
          infiniplex_forest_corner_2, infiniplex_forest_end_1,
          infiniplex_forest_side_room, infiniplex_forest_clump_curved,
          chequers_decorated_corner, minmay_small_reverse_x
D:2:      layout_loops_ring, dreamdust_ecumenical_altar_hidden_monk_grotto,
          basic_altar, uniq_robin, uniq_terence, uniq_crazy_yiuf_cottage
D:3:      layout_rooms, dk_yredelemnul_ordeal, serial_co_window_serial,
          co_window_of_opportunity_a, co_window_paths_a, co_window_paths_b,
          co_window_paths_b, co_window_paths_a, co_window_corner_a,
          co_window_paths_c, co_window_broadway_a, co_window_broadway_c,
          co_window_broadway_c, co_window_cross_2, co_window_broadway_c,
          glass_columns_a, glass_columns_b, glass_columns_b, glass_columns_a,
          glass_columns_b, uniq_grinder
D:4:      minmay_opposing_rooms, layout_cave_pods, elyvilon_altar_5,
          gup_sewer_entry_pipe
Sewer:    sewer_hellmonk_bad_rat

Skill      XL: |  1  2  3  4  5 |
---------------+----------------+-----
Conjurations   | 3 |  3.5
Fighting       | 1 2 |  2.3
Axes           | 1 |  1.9
Spellcasting   | 2 |  2.3
Armour         | 1 2 |  2.6
Dodging        | 3 |  3.0
Maces & Flails | |  0.5
Ranged Weapons | |  0.6
Stealth        | |  1.7

Action                   |  1- 3 |  4- 6 || total
-------------------------+-------+-------++-------
Melee: Unarmed           |     8 |       ||     8
       Headbutt          |    14 |    12 ||    26
       Hand axe          |    46 |     5 ||    51
       Punch             |     1 |       ||     1
       Flail             |       |    66 ||    66
 Fire: Longbow           |       |    32 ||    32
 Cast: Magic Dart        |    61 |     8 ||    69
       Searing Ray       |       |     1 ||     1
  Use: Scroll            |       |     8 ||     8
       Potion            |       |     3 ||     3
Armor: Robe              |    10 |       ||    10
       Leather armour    |     5 |       ||     5
       Chain mail        |       |    82 ||    82
Dodge: Dodged            |    35 |    38 ||    73

Table legend: (Time is in decaauts)
 A = Elapsed time spent in this place.
 B = Non-inter-level travel time spent in this place.
 C = Inter-level travel time spent in this place.
 D = Time resting spent in this place.
 E = Time spent auto-exploring this place.
 F = Levels seen in this place.
 G = Mean time per level.
                   A        B        C        D        E       F      G
               +--------+--------+--------+--------+--------+-----+--------+
         Total |   3092 |   3017 |     75 |    232 |   1912 |   5 |  618.4 |
       Dungeon |   3020 |   2945 |     75 |    232 |   1880 |   4 |  755.0 |
         Sewer |     72 |     72 |      0 |      0 |     32 |   1 |   72.0 |
               +--------+--------+--------+--------+--------+-----+--------+

Top non-repeatable levels by time:
     D:1: 1384 daAuts
     D:2: 1114 daAuts
     D:4: 311 daAuts
     D:3: 209 daAuts
   Sewer: 72 daAuts
